 Dungeon Crawl Stone Soup version 0.27-a0-1230-gfc7c993222 (webtiles) character file.

Game seed: 9829852793389652963

80040 Delamore the Impaler (level 16, -9/124 HPs)
             Began as a Formicid Fighter on June 8, 2021.
             Was the Champion of Okawaru.
             Mangled by an orc warrior
             ... wielding a +0 hand axe
             ... led by an orc knight
              (18 damage)
             ... on level 1 of the Orcish Mines.
             The game lasted 00:30:46 (24075 turns).

Delamore the Impaler (Formicid Fighter)            Turns: 24075, Time: 00:30:46

Health: -9/124     AC: 46    Str: 23    XL:     16   Next: 13%
Magic:  19/19      EV:  3    Int: 15    God:    Okawaru [******]
Gold:   2143       SH: 22    Dex: 16    Spells: 15/15 levels left

rFire    + + +     SeeInvis +   F - +9 bardiche (vamp)
rCold    + . .     Faith    .   T - +3 tower shield {reflect}
rNeg     + + .     Spirit   .   o - +22 crystal plate armour "Burinup" {rF+++ rN++ Str-3 SInv}
rPois    +         Reflect  +   (helmet unavailable)
rElec    .         Harm     .   E - +0 cloak of Servitude {rC+ Int+2 Stlth+}
rCorr    .         Rampage  .   I - +0 pair of gloves of Youthful Indiscretion {Int+3}
Will     +....                  e - +0 pair of boots
Stlth    ..........             (no amulet)
HPRegen  0.30/turn              N - ring of poison resistance
MPRegen  0.16/turn              O - +6 ring of dexterity

@: no status effects
A: permanent stasis, dig shafts and tunnels, antennae 3, four strong arms
a: Dig, Shaft Self, Renounce Religion, Heroism, Finesse


You were on level 1 of the Orcish Mines.
You worshipped Okawaru.
Okawaru was exalted by your worship.
You visited 3 branches of the dungeon, and saw 21 of its levels.
You also visited: Sewer and Ice Cave.

You collected 2604 gold pieces.
You spent 461 gold pieces at shops.

Inventory:

Hand Weapons
 F - a +9 vampiric bardiche (weapon)
 G - a +0 trident of venom
 P - a +0 bardiche of venom
Missiles
 g - 51 poisoned darts (quivered)
 l - 17 boomerangs
 n - 3 throwing nets
 p - 3 silver boomerangs
 J - 10 javelins
 Q - 5 curare-tipped darts
Armour
 e - a +0 pair of boots (worn)
 h - a scarf of invisibility
 o - the +22 crystal plate armour "Burinup" (worn) {rF+++ rN++ Str-3 SInv}
   (You acquired it in a sewer)

   It affects your strength (-3).
   It renders you almost immune to fire.
   It greatly protects you from negative energy.
   It lets you see invisible.
 E - the +0 cloak of Servitude (worn) {rC+ Int+2 Stlth+}
   (Okawaru gifted it to you on level 5 of the Lair of Beasts)

   It affects your intelligence (+2).
   It protects you from cold.
   It makes you more stealthy.
 I - the +0 pair of gloves of Youthful Indiscretion (worn) {Int+3}
   (You found it on level 6 of the Dungeon)

   It affects your intelligence (+3).
 T - a +3 tower shield of reflection (worn)
Jewellery
 i - a ring of ice
 D - a ring of ice
 M - a ring of flight
 N - a ring of poison resistance (left hand)
 O - a +6 ring of dexterity (right hand)
Wands
 q - a wand of paralysis (53)
 t - a wand of polymorph (14)
 y - a wand of iceblast (30)
 A - a wand of flame (34)
 C - a wand of acid (34)
Scrolls
 b - 4 scrolls of identify
 c - a scroll of summoning
 f - 3 scrolls of immolation
 v - 2 scrolls of fog
 w - 9 scrolls of amnesia
 L - 3 scrolls of enchant weapon
 S - 3 scrolls of torment
Potions
 d - 6 potions of might
 j - 2 potions of cancellation
 k - 12 potions of curing
 m - 2 potions of magic
 r - 2 potions of brilliance
 s - 7 potions of flight
 u - 4 potions of lignification
 z - 4 potions of mutation
 B - 3 potions of invisibility
 H - 2 potions of heal wounds
Miscellaneous
 x - a condenser vane


   Skills:
 + Level 10.7 Fighting
 + Level 20.2 Polearms
 - Level 10.0 Armour
 + Level 12.2 Shields
 - Level 5.0 Invocations


You had 15 spell levels left.
You didn't know any spells.
Your spell library contained the following spells:

 Spells                   Type           Power      Damage    Failure   Level
 Apportation              Tloc           0%         N/A       100%        1
 Corona                   Hex            0%         N/A       100%        1
 Magic Dart               Conj           0%         1d3       100%        1
 Sandblast                Erth           0%         2d4       100%        1
 Sting                    Tmut/Pois      0%         1d3       100%        1
 Call Imp                 Summ           0%         N/A       100%        2
 Ensorcelled Hibernation  Hex/Ice        0%         N/A       100%        2
 Passwall                 Tmut/Erth      0%         N/A       100%        2
 Poisonous Vapours        Pois/Air       0%         N/A       100%        2
 Slow                     Hex            0%         N/A       100%        2
 Confusing Touch          Hex            0%         N/A       100%        3
 Conjure Flame            Conj/Fire      0%         6-21      100%        3
 Dazzling Flash           Conj/Hex       0%         N/A       100%        3
 Ignite Poison            Fire/Tmut/Pois 0%         N/A       100%        3
 Lesser Beckoning         Tloc           0%         N/A       100%        3
 Mephitic Cloud           Conj/Pois/Air  0%         N/A       100%        3
 Stone Arrow              Conj/Erth      0%         3d7       100%        3
 Tukima's Dance           Hex            0%         N/A       100%        3
 Animate Armour           Summ/Erth      0%         N/A       100%        4
 Leda's Liquefaction      Hex/Erth       0%         N/A       100%        4
 Olgreb's Toxic Radiance  Pois           0%         N/A       100%        4
 Petrify                  Tmut/Erth      0%         N/A       100%        4
 Alistair's Intoxication  Tmut/Pois      0%         N/A       100%        5
 Bolt of Magma            Conj/Fire/Erth 0%         4d4       100%        5
 Lee's Rapid Deconstruct  Erth           0%         3d5*      100%        5
 Invisibility             Hex            0%         N/A       100%        6
 Iron Shot                Conj/Erth      0%         9d1       100%        6
 Statue Form              Tmut/Erth      0%         N/A       100%        6
 Shatter                  Erth           0%         3d5*      100%        9
 Blink                    Tloc           Unusable   N/A       N/A         2

Dungeon Overview and Level Annotations

Branches:
Dungeon (13/15)            Temple (0/1) D:7            Lair (6/6) D:8
 Shoals (0/4) Lair:3       Spider (0/4) Lair:2        Slime (0/5) Lair:5
    Orc (2/2) D:12            Elf (0/3) Orc:2        Vaults (0/5) D:13
  Sewer (visited)           IceCv (visited)

Altars:
Gozag
Kikubaaqudgha
Okawaru
Beogh
Jiyva

Shops:
D:5 =?*:(   D:6 [*(([

Annotations:
D:11 3 runed translucent doors, Qorotoc's ghost, journeyman MiFi


Innate Abilities, Weirdness & Mutations

You cannot be hasted, slowed, berserked, paralysed or teleported.
You can dig through walls and to a lower floor.
You have a pair of large antennae on your head. (SInv)
Your four strong arms can wield two-handed weapons with a shield.


Message History

You barely miss the orc knight.
The orc knight is lightly wounded.
You block the orc knight's attack. The warg bites you!
The orc hits you but does no damage.
The orc warrior hits you from afar with a +0 trident!
* * * LOW HITPOINT WARNING * * *
You block the orc warrior's attack.
You hit the orc knight.
You feel better.
The orc knight is lightly wounded.
You block the orc knight's attack. You block the warg's attack.
The orc hits you but does no damage.
The orc warrior hits you but does no damage.
You block the orc warrior's attack. You block the orc knight's attack.
You hit the orc knight.
You feel better.
The orc knight is lightly wounded.
You block the warg's attack. You block the orc's attack.
You block the orc warrior's attack. The warg bites you but does no damage.
The orc warrior hits you but does no damage.
The orc knight hits you with a +3 great mace of protection!
* * * LOW HITPOINT WARNING * * *
You slash the orc knight!
The orc knight is moderately wounded.
You block the warg's attack. You block the orc's attack.
The orc warrior hits you from afar with a +0 trident!
* * * LOW HITPOINT WARNING * * *
The orc warrior hits you with a +0 hand axe!
* * * LOW HITPOINT WARNING * * *
You block the orc knight's attack.
You barely miss the orc knight.
The orc knight is moderately wounded.
The warg bites you but does no damage. You block the orc's attack.
You block the orc warrior's attack. The orc warrior barely misses you.
You block the warg's attack.
The orc knight hits you but does no damage.
You barely miss the orc knight.
The orc knight is moderately wounded.
You block the orc's attack. You block the orc warrior's attack.
You block the warg's attack.
The orc warrior hits you with a +0 hand axe!!
You die...

## ... ##.##..
......$ .......
....... ......##
#oho################
#o@................
#.o.###############
##.## ###


You could see an orc knight, a warg, 2 orc warriors and an orc (strong).

Vanquished Creatures
  A frost giant (IceCv)
  12 hydras
  2 boulder beetles (D:12)
  A catoblepas (Lair:5)
  2 two-headed ogres
  2 centaur warriors
  A tengu warrior (D:13)
  9 death yaks
  Urug (D:11)
  The ghost of philipeq the Fighter, a novice DsFi (D:6)
  An orc knight (D:13)
  2 deep elf pyromancers
  Pikel (D:6)
  An orb spider (Lair:2)
  A manticore (D:11)
  An ugly thing (D:12)
  9 elephants
  A merfolk siren (Lair:3)
  3 torpor snails
  An ice statue (IceCv)
  10 black mambas
  A gargoyle (D:12)
  15 cane toads
  6 rime drakes
  2 unseen horrors (D:11)
  A freezing wraith (D:11)
  9 komodo dragons
  2 kobold demonologists (D:9)
  19 polar bears
  Grinder (D:6)
  3 trolls
  5 hornets (Lair:6)
  15 dream sheep
  4 blink frogs (Lair:5)
  A meliai zombie (D:11)
  A shadow (D:9)
  14 spriggans (Lair:6)
  2 wyverns (Lair:4)
  3 wraiths
  55 yaks
  10 basilisks
  16 humans (D:13)
  A warg (D:12)
  An acid dragon (D:10)
  36 water moccasins
  10 orc warriors
  An ice beast (D:6)
  5 necrophages
  A sky beast (D:6)
  6 black bears
  A sky beast (shapeshifter) (D:8)
  3 boggarts (Lair:6)
  The ghost of raumwalross the Cudgeller, an amateur DgFi (D:5)
  3 centaurs
  4 ogres
  41 wolves
  3 lemures (D:6)
  2 phantoms
  3 kobold brigands (D:9)
  A wyvern zombie (D:5)
  15 bullfrogs
  3 gnoll sergeants
  2 scorpions
  3 killer bees (D:9)
  3 wights (D:7)
  3 electric eels
  4 howler monkeys
  A bullfrog zombie (D:6)
  A jelly (D:5)
  4 centaur zombies
  5 hounds
  13 orc priests
  A bullfrog skeleton (D:6)
  2 centaur skeletons (D:6)
  10 orc wizards
  4 hell rats (Lair:4)
  A killer bee zombie (D:8)
  A hound skeleton (D:4)
  A howler monkey zombie (D:8)
  15 gnolls
  26 adders
  3 river rats (Lair:4)
  2 worms
  2 dart slugs
  40 orcs
  7 ball pythons
  7 bats
  10 endoplasms
  5 giant cockroaches
  9 hobgoblins
  8 jackals
  6 quokkas
  7 frilled lizards
  10 goblins
  27 kobolds
  18 rats
650 creatures vanquished.

Vanquished Creatures (others)
  An orc priest (D:7)
  35 fungi
  79 plants
115 creatures vanquished.

Grand Total: 765 creatures vanquished

Notes
Turn   | Place    | Note
-------+----------+-------------------------------------------
     0 | D:1      | Delamore the Formicid Fighter began the quest for the Orb.
     0 | D:1      | Reached XP level 1. HP: 18/18 MP: 1/1
   108 | D:1      | Reached XP level 2. HP: 15/24 MP: 2/2
   342 | D:1      | Found a faded altar of an unknown god.
   365 | D:1      | Became a worshipper of Warmaster Okawaru
   365 | D:1      | Reached * piety under Okawaru
   726 | D:1      | Reached XP level 3. HP: 30/30 MP: 3/3
   804 | D:1      | Reached skill level 3 in Polearms
  1426 | D:2      | Reached XP level 4. HP: 37/37 MP: 4/4
  2086 | D:2      | Found an ancient bone altar of Kikubaaqudgha.
  2405 | D:3      | Reached skill level 4 in Polearms
  2610 | D:3      | Reached XP level 5. HP: 42/42 MP: 5/5
  3229 | D:3      | Found an iron altar of Okawaru.
  3280 | D:4      | Reached XP level 6. HP: 46/49 MP: 6/6
  3381 | D:4      | Reached skill level 5 in Polearms
  3697 | D:4      | Reached skill level 5 in Fighting
  4084 | D:5      | Entered Level 5 of the Dungeon
  4084 | D:5      | Found Xeicsoeff's Book Shoppe.
  4191 | D:5      | Found Naqiz's Weapon Emporium.
  4209 | D:5      | Found a glowing drain.
  4278 | Sewer    | Entered a sewer
  4404 | Sewer    | Reached XP level 7. HP: 56/56 MP: 7/7
  4408 | Sewer    | Reached skill level 6 in Polearms
  4458 | Sewer    | Identified a scroll of acquirement
  4458 | Sewer    | Acquired the +22 crystal plate armour "Burinup" {rF+++ rN++
                  | Str-3 SInv}
  4763 | D:5      | Found Zungac's General Store.
  4808 | D:5      | Bought a potion of curing for 36 gold pieces
  4912 | D:5      | Found Kecun's Jewellery Emporium.
  4968 | D:5      | Reached ** piety under Okawaru
  4969 | D:5      | Reached skill level 7 in Polearms
  5261 | D:5      | Found Izxuq's Magic Scroll Boutique.
  5306 | D:5      | Reached XP level 8. HP: 44/62 MP: 8/8
  5475 | D:5      | Reached skill level 8 in Polearms
  5495 | D:5      | Noticed raumwalross's ghost (amateur DgFi)
  5497 | D:5      | Found a runed translucent door.
  5718 | D:5      | Killed raumwalross's ghost
  5925 | D:6      | Found Alovun's Armour Shoppe.
  5940 | D:6      | Noticed Grinder
  5990 | D:6      | Killed Grinder
  5991 | D:6      | Reached skill level 9 in Polearms
  6159 | D:6      | Found Heock's Assorted Antiques.
  6167 | D:6      | Bought a cyan potion for 26 gold pieces
  6167 | D:6      | Bought a pink potion for 26 gold pieces
  6167 | D:6      | Bought a yellow potion for 26 gold pieces
  6317 | D:6      | Noticed Pikel
  6364 | D:6      | Killed Pikel
  6364 | D:6      | Reached *** piety under Okawaru
  6365 | D:6      | Reached skill level 10 in Polearms
  6365 | D:6      | Reached XP level 9. HP: 35/68 MP: 7/9
  6643 | D:6      | Reached skill level 11 in Polearms
  6785 | D:6      | Reached **** piety under Okawaru
  6941 | D:6      | Identified the +4 chain mail of Gezuagh {Int+7}
  6942 | D:6      | Found a runed translucent gate.
  6942 | D:6      | Noticed philipeq's ghost (novice DsFi)
  6943 | D:6      | Found a runed translucent gate.
  6944 | D:6      | Found a runed translucent gate.
  6958 | D:6      | Found Ymost's Weapon Shoppe.
  6964 | D:6      | Found Fasirues's Armour Shop.
  7021 | D:6      | Found Vongiy's Weapon Shoppe.
  7460 | D:7      | Reached skill level 12 in Polearms
  7934 | D:7      | Found a staircase to the Ecumenical Temple.
  7961 | D:7      | Reached XP level 10. HP: 74/74 MP: 10/10
  8820 | D:8      | Found a staircase to the Lair.
  8820 | D:8      | Noticed an elephant
  8894 | D:8      | Killed an elephant
  8894 | D:8      | Reached ***** piety under Okawaru
  9064 | D:8      | Reached skill level 13 in Polearms
  9064 | D:8      | Reached skill level 5 in Shields
  9517 | Lair:1   | Entered Level 1 of the Lair of Beasts
  9517 | Lair:1   | Noticed a cane toad
  9517 | Lair:1   | Noticed a komodo dragon
  9539 | D:8      | Killed a cane toad
  9817 | D:8      | Killed a komodo dragon
  9818 | D:8      | Reached skill level 5 in Armour
 10014 | Lair:1   | Noticed a komodo dragon
 10036 | Lair:1   | Killed a komodo dragon
 10154 | Lair:1   | Noticed a rime drake
 10190 | Lair:1   | Received a gift from Okawaru
 10191 | Lair:1   | Reached XP level 11. HP: 76/79 MP: 11/11
 10369 | Lair:1   | Reached skill level 14 in Polearms
 11234 | D:6      | Killed philipeq's ghost
 11246 | D:6      | Identified the +0 pair of gloves of Youthful Indiscretion
                  | {Int+3}
 11380 | D:5      | Bought a scroll of identify for 24 gold pieces
 11380 | D:5      | Bought a scroll of identify for 24 gold pieces
 11380 | D:5      | Bought a scroll of enchant weapon for 90 gold pieces
 11635 | Lair:2   | Reached ****** piety under Okawaru
 11636 | Lair:2   | Reached skill level 1 in Invocations
 11709 | Lair:2   | Found an opulent altar of Gozag.
 11721 | Lair:2   | Noticed a four-headed hydra
 11773 | Lair:2   | Killed a four-headed hydra
 11773 | Lair:2   | Received a gift from Okawaru
 12030 | Lair:2   | Reached skill level 10 in Armour
 12030 | Lair:2   | Reached XP level 12. HP: 86/86 MP: 12/14
 12098 | Lair:2   | Found a hole to the Spider Nest.
 13225 | Lair:3   | Reached skill level 5 in Invocations
 13276 | Lair:3   | Identified the +0 pair of gloves of Heise {Harm rPois
                  | Int+2} (Okawaru gifted it to you on level 3 of the Lair of
                  | Beasts)
 13276 | Lair:3   | Received a gift from Okawaru
 13397 | Lair:3   | Noticed a five-headed hydra
 13410 | Lair:3   | Killed a five-headed hydra
 13411 | Lair:3   | Reached skill level 15 in Polearms
 13781 | Lair:3   | Found a staircase to the Shoals.
 13882 | Lair:3   | Noticed a seven-headed hydra
 13900 | Lair:3   | Killed a seven-headed hydra
 13901 | Lair:3   | Reached skill level 16 in Polearms
 14404 | Lair:4   | Reached XP level 13. HP: 91/91 MP: 16/16
 14453 | Lair:4   | Noticed an eight-headed hydra
 14480 | Lair:4   | Killed an eight-headed hydra
 14494 | Lair:4   | Identified the +3 flail of Rusiny {antimagic, Fragile rCorr
                  | SInv} (Okawaru gifted it to you on level 4 of the Lair of
                  | Beasts)
 14494 | Lair:4   | Received a gift from Okawaru
 14927 | Lair:4   | Noticed a seven-headed hydra
 14953 | Lair:4   | Killed a seven-headed hydra
 14954 | Lair:4   | Reached skill level 17 in Polearms
 15072 | Lair:4   | Noticed a four-headed hydra
 15091 | Lair:4   | Killed a six-headed hydra
 16092 | Lair:5   | Identified the +0 cloak of Servitude {rC+ Int+2 Stlth+}
                  | (Okawaru gifted it to you on level 5 of the Lair of Beasts)
 16092 | Lair:5   | Received a gift from Okawaru
 16116 | Lair:5   | Noticed a seven-headed hydra
 16150 | Lair:5   | Killed a seven-headed hydra
 16397 | Lair:5   | Reached skill level 18 in Polearms
 16606 | Lair:5   | Noticed a catoblepas
 16621 | Lair:5   | Killed a catoblepas
 16762 | Lair:5   | Found a viscous altar of Jiyva.
 16763 | Lair:5   | Found a staircase to the Slime Pits.
 16824 | Lair:5   | Reached XP level 14. HP: 28/98 MP: 11/17
 16851 | Lair:5   | Received a gift from Okawaru
 16857 | Lair:5   | Reached skill level 19 in Polearms
 17490 | Lair:6   | Entered Level 6 of the Lair of Beasts
 18199 | Lair:6   | Received a gift from Okawaru
 19645 | D:5      | Bought a scroll of enchant armour for 90 gold pieces
 19645 | D:5      | Bought a scroll of enchant armour for 90 gold pieces
 19726 | D:6      | Bought a scroll labelled MAFALIFAMN for 29 gold pieces
 19811 | D:9      | Reached XP level 15. HP: 110/110 MP: 18/18
 20552 | D:10     | Entered Level 10 of the Dungeon
 20843 | D:10     | You fall into a shaft and drop 3 floors!
 20843 | D:13     | Found a gate to the Vaults.
 20862 | D:13     | Reached skill level 10 in Shields
 20869 | D:13     | Identified the +5 ring mail of Yduogaf {Str-4 Int+10 Dex+3
                  | Slay+2} (Okawaru gifted it to you on level 13 of the
                  | Dungeon)
 20869 | D:13     | Received a gift from Okawaru
 21213 | D:11     | Found a frozen archway.
 21222 | IceCv    | Entered an ice cave
 21689 | IceCv    | Reached skill level 20 in Polearms
 21785 | IceCv    | Reached skill level 10 in Fighting
 21843 | IceCv    | Noticed a frost giant
 21863 | IceCv    | Killed a frost giant
 22334 | D:11     | Found a runed translucent gate.
 22335 | D:11     | Found a runed translucent gate.
 22335 | D:11     | Noticed Qorotoc's ghost (journeyman MiFi)
 22336 | D:11     | Found a runed translucent gate.
 23072 | D:11     | Noticed Urug
 23081 | D:11     | Killed Urug
 23082 | D:11     | Reached XP level 16. HP: 123/123 MP: 13/19
 23096 | D:11     | Acquired 846 gold pieces
 23547 | D:12     | Found a staircase to the Orcish Mines.
 23838 | Orc:1    | Entered Level 1 of the Orcish Mines
 23980 | Orc:2    | Entered Level 2 of the Orcish Mines
 23980 | Orc:2    | Found a staircase to the Elven Halls.
 24075 | Orc:1    | Mangled by an orc warrior

Illustrated notes

Levels and vault maps discovered:
D:1:      dpeg_arrival_pond, layout_loops_cross,
          hellmonk_ecumenical_altar_blasted, st_stairs_10
D:2:      layout_loops_cross, basic_altar
D:3:      layout_loops_corners, kennysheep_okawaru_gauntlet
D:4:      layout_basic
D:5:      layout_cave_pools, serial_shops, shop, shop, nicolae_shop_waterfront,
          shop, shop, serial_park, serial_park_tiny_2, serial_park_tiny_1,
          hellmonk_ghost_happy_afterlife, gup_sewer_entry_bubbles
D:6:      minmay_general_purpose_star, layout_basic, biasface_ghost_orc_armoury,
          serial_shops, nicolae_shop_statue_plus, nicolae_shop_window_shopping,
          nicolae_shop_crystal, nicolae_shop_crystal, shop, uniq_pikel,
          uniq_grinder
D:7:      layout_rooms, minmay_temple_entry_statues_fountains, lightli_minifort
D:8:      layout_rooms, david_lair_generic
D:9:      layout_loops_ring
D:10:     layout_cave_pools, minmay_misc_feat_alley, grunt_decor_one_mirror
D:11:     layout_irregular_city, gammafunk_ghost_split, portal_ice_cave_rime,
          uniq_urug
D:12:     layout_cave_pools, david_orc_3
D:13:     layout_irregular_city, david_vaults_3, nzn_ghost_randoct, st_stairs_9,
          led_xom_imps, uniq_frances, uniq_snorg, uniq_josephine
Lair:1:   lemuel_reptile_caves, layout_cave_pods, infiniplex_staircase_pool_2
Lair:2:   layout_cave_pods, nicolae_spider_entry_orb_guardian, serial_forest,
          infiniplex_forest_side_room, infiniplex_forest_clump_small,
          infiniplex_forest_clump_diagonal, infiniplex_forest_clump_medium,
          infiniplex_forest_lined_room_2, infiniplex_forest_split,
          infiniplex_forest_clump_curved, basic_altar, beast_lair_carwin_11
Lair:3:   layout_chaotic_city, elwin_shoals_entry_rooms, st_stairs_6,
          roderic_carrion_pond
Lair:4:   layout_layer_cave, kennysheep_abandoned_house, wad_woods_river_01,
          infiniplex_staircase_pool
Lair:5:   layout_regular_city, slime_altar_1, kennysheep_basilisk_garden
Lair:6:   minmay_lair_end_enchanted_forest, layout_cave_pods, grunt_megastairs_1
Orc:1:    layout_caves, basic_altar
Orc:2:    st_orc_elflike, layout_caves, basic_altar, mines5_lemuel

Skill      XL: |  1  2  3  4  5  6  7  8  9 10 11 12 13 14 15 |
---------------+----------------------------------------------+-----
Polearms       | 3 4 5 7 10 12 13 14 16 18 19 20 | 20.2
Fighting       | 4 5 7 10 | 10.7
Shields        | 6 7 9 12 | 12.2
Armour         | 5 10 | 10.0
Invocations    | 2 5 |  5.0

Action                   |  1- 3 |  4- 6 |  7- 9 | 10-12 | 13-15 | 16-18 || total
-------------------------+-------+-------+-------+-------+-------+-------++-------
Melee: Trident           |   124 |   202 |   100 |    22 |   184 |       ||   632
       Spear             |       |       |   437 |   476 |       |       ||   913
       Bardiche          |       |       |       |   311 |  1079 |   110 ||  1500
Throw: Dart              |       |       |     7 |     4 |       |       ||    11
Invok: Heroism           |       |     1 |     2 |     6 |     8 |     1 ||    18
       Finesse           |       |       |       |       |     5 |       ||     5
 Abil: Dig               |     2 |     1 |     5 |     6 |     9 |     3 ||    26
  Use: Scroll            |       |     9 |     6 |     8 |    11 |     1 ||    35
       Potion            |       |       |       |     2 |     2 |       ||     4
 Stab: Distracted        |       |       |       |       |     1 |       ||     1
Armor: Scale mail        |    40 |    70 |     2 |       |       |       ||   112
       Crystal plate arm |       |       |   317 |   654 |  1065 |    47 ||  2083
Dodge: Dodged            |    46 |    58 |    10 |    65 |   131 |     4 ||   314
Block: Kite shield       |    42 |   108 |   212 |   407 |   175 |       ||   944
       Tower shield      |       |       |       |       |   946 |   150 ||  1096
       Reflection        |       |       |       |       |    14 |     6 ||    20

Table legend: (Time is in decaauts)
 A = Elapsed time spent in this place.
 B = Non-inter-level travel time spent in this place.
 C = Inter-level travel time spent in this place.
 D = Time resting spent in this place.
 E = Time spent auto-exploring this place.
 F = Levels seen in this place.
 G = Mean time per level.
                   A        B        C        D        E       F      G
               +--------+--------+--------+--------+--------+-----+--------+
         Total |  24129 |  22814 |   1315 |   2594 |  15224 |  23 | 1049.1 |
       Dungeon |  13084 |  12113 |    971 |   1947 |   7831 |  13 | 1006.5 |
          Lair |   9339 |   9008 |    331 |    647 |   6371 |   6 | 1556.5 |
  Orcish Mines |    249 |    236 |     13 |      0 |     91 |   2 |  124.5 |
         Sewer |    471 |    471 |      0 |      0 |    290 |   1 |  471.0 |
      Ice Cave |    984 |    984 |      0 |      0 |    640 |   1 |  984.0 |
               +--------+--------+--------+--------+--------+-----+--------+

Top non-repeatable levels by time:
  Lair:6: 2043 daAuts
     D:6: 1866 daAuts
  Lair:2: 1758 daAuts
  Lair:4: 1679 daAuts
  Lair:5: 1427 daAuts
     D:5: 1364 daAuts
     D:7: 1340 daAuts
  Lair:3: 1236 daAuts
  Lair:1: 1193 daAuts
     D:8: 1184 daAuts
     D:1: 1173 daAuts
     D:3: 1083 daAuts
     D:2: 1082 daAuts
   IceCv: 984 daAuts
     D:9: 916 daAuts
